 Dungeon Crawl Stone Soup version 0.28.0-43-g3370ac3207 (webtiles) character file.

Game seed: 15129549948179118733

716 grackle the Chopper (level 7, -3/39 HPs)
             Began as a Gargoyle Fighter on Mar 13, 2022.
             Slain by an orc warrior
             ... wielding a +0 war axe
              (11 damage)
             ... on level 5 of the Dungeon.
             The game lasted 00:13:20 (4783 turns).

grackle the Chopper (Gargoyle Fighter)              Turns: 4783, Time: 00:13:21

Health: -3/39      AC: 14    Str: 22    XL:     7   Next: 69%
Magic:  7/7        EV:  9    Int:  8    God:
Gold:   189        SH: 11    Dex:  9    Spells: 6/6 levels left

rFire   . . .      SeeInvis .   a - +0 war axe
rCold   . . .      Faith    .   c - +2 buckler
rNeg    + . .      Spirit   .   b - +0 scale mail
rPois   ∞          Reflect  +   (helmet restricted)
rElec   +          Harm     .   o - +0 cloak
rCorr   .          Rampage  .   (no gloves)
Will    .....                   g - +0 pair of boots
Stlth   ..........              d - amulet of reflection
HPRegen 0.13/turn               (no ring)
MPRegen 0.10/turn               (no ring)

@: attractive
A: sickness immunity, AC +4, negative energy resistance 1, electricity
resistance, torment resistance 1, petrification resistance, horns 1, frail 1,
subdued magic 1
a: no special abilities


You were on level 5 of the Dungeon.
You visited 1 branch of the dungeon, and saw 5 of its levels.

You collected 219 gold pieces.
You spent 30 gold pieces at shops.

Inventory:

Hand Weapons
 a - a +0 war axe (weapon)
Missiles
 e - 4 javelins (quivered)
 n - a throwing net
Armour
 b - a +0 scale mail (worn)
 c - a +2 buckler (worn)
 f - a +0 plate armour
 g - a +0 pair of boots (worn)
 i - the +3 ring mail of the Playwright {Harm MP+9 Int+3}
   (You found it on level 5 of the Dungeon)

   Int:       It affects your intelligence (+3).
   MP:        It affects your magic capacity (+9).
   Harm:      It increases damage dealt and taken.
 o - a +0 cloak (worn)
Jewellery
 d - an amulet of reflection (around neck)
 p - a ring of see invisible
Scrolls
 j - 3 scrolls of identify
Potions
 l - a potion of brilliance


   Skills:
 + Level 4.4 Fighting
 + Level 5.2 Axes
 + Level 5.1 Armour
 + Level 1.4 Dodging
 + Level 1.0 Stealth
 + Level 4.9 Shields


You had 6 spell levels left.
You didn't know any spells.
Your spell library contained the following spells:

 Spells                   Type           Power      Damage    Failure   Level
 Passage of Golubria      Tloc           0%         N/A       100%        4
 Silence                  Hex/Air        0%         N/A       100%        5
 Lehudib's Crystal Spear  Conj/Erth      0%         10d2      100%        8


Dungeon Overview and Level Annotations

Branches:
Dungeon (5/15)
 Temple: D:4-7

Altars:
Cheibriados
Fedhas
Wu Jian

Shops:
D:1 *

Annotations:
D:4 Dowan, Duvessa


Innate Abilities, Weirdness & Mutations

You are immune to sickness and miasma.
Your stone body is resilient. (AC +4)
You are immune to poison.
You resist negative energy. (rN+)
You are resistant to electric shocks. (rElec)
You are resistant to unholy torment.
You are immune to petrification.
You have a pair of small horns on your head.
You are frail. (-10% HP)
Your spells are a little easier to cast, but a little less powerful.


Message History

Beogh smites you!
The orc warrior hits you with a +0 war axe.
You hit the orc warrior.
The orc warrior is lightly wounded.
The orc wizard mumbles some strange words.
The orc wizard flickers and vanishes!
Deactivating autopickup; reactivate with Ctrl-A.
You closely miss the orc. You closely miss the orc warrior.
You block the orc warrior's attack. The orc barely misses you.
You slash the orc!
You kill the orc!
You closely miss the orc warrior.
The orc priest mumbles some strange prayers to Beogh against you.
Beogh smites you!
* * * LOW HITPOINT WARNING * * *
The orc warrior closely misses you. The adder bites you.
* * * LOW HITPOINT WARNING * * *
You feel much better. You block the orc warrior's attack.
The adder barely misses you.
You feel extremely strange. A pair of horns grows on your head!
You feel frail.
Your connection to magic feels subdued.
The orc warrior hits you with a +0 war axe.
You block the adder's attack.
Okay, then.
Your movement speed is average.
Your attack delay is about 1.2.
You can't go up here!
You can't go down here!
You barely miss the orc warrior.
The orc warrior is lightly wounded.
You hit the adder. You block the adder's attack.
The orc warrior hits you with a +0 war axe.
The adder completely misses you.
The orc warrior hits you with a +0 war axe!
* * * LOW HITPOINT WARNING * * *
It was a potion of attraction.
You feel attractive to monsters. The adder bites you but does no damage.
The orc warrior hits you with a +0 war axe!
You die...

#.......#.###.#####.####....
#.......'...................
#.......#.###.#####.####....
###.###.#.# #.# #.).......
#.# #.#.# #.# #..#####..
#.###.#.# #.# #..# #..
#.#...#.# #.# #..# #..
#.#.###.###.#####..#####..
#>......o@...........)....
#.#.#####S######...#####..
#.#.# #≈≈oY≈≈# #...# #..
#.#.##≈≈ooZl≈≈≈##..# #..
#.###≈≈oo{o...≈≈##.# ###
#######.###≈...).....≈≈#.#
#.........#≈...#####..≈###
## #.#####.###≈..# ..≈ #.
#.# #.###≈.. .. #.


You could see an orc warrior, an ice beast, an iguana, an orc priest, an orc
wizard, an adder, 4 orcs and a bullfrog skeleton.

Vanquished Creatures
  A water moccasin (D:3)
  A hornet zombie (D:5)
  A kobold brigand (D:5)
  A scorpion (D:5)
  A bullfrog zombie (D:5)
  2 hounds
  An orc priest (D:2)
  Ijyb (D:3)
  3 iguanas
  Natasha (twice) (D:2)
  A killer bee zombie (D:3)
  2 adders
  A shadow imp (D:5)
  An ufetubus (D:5)
  2 worms (D:2)
  A dart slug (D:2)
  4 orcs
  9 bats
  5 endoplasms
  5 giant cockroaches
  6 goblins
  2 hobgoblins (D:2)
  3 jackals (D:2)
  2 kobolds (D:1)
  2 quokkas (D:2)
  2 ball pythons
  5 frilled lizards
  7 rats
74 creatures vanquished.

Vanquished Creatures (others)
  2 plants (D:3)
2 creatures vanquished.

Grand Total: 76 creatures vanquished

Notes
Turn   | Place    | Note
-------+----------+-------------------------------------------
     0 | D:1      | grackle the Gargoyle Fighter began the quest for the Orb.
     0 | D:1      | Reached XP level 1. HP: 14/14 MP: 1/1
   218 | D:1      | Reached XP level 2. HP: 8/19 MP: 2/2
   769 | D:1      | Found Juvvihatt's Assorted Antiques.
   784 | D:1      | Bought a scroll labelled XES LONICESA for 30 gold pieces
   929 | D:2      | Reached XP level 3. HP: 15/23 MP: 3/3
  1215 | D:2      | Found a faded altar of an unknown god.
  1396 | D:2      | Found an ornate altar of the Wu Jian Council.
  1502 | D:2      | Noticed Natasha
  1513 | D:2      | Killed Natasha
  1514 | D:2      | Reached XP level 4. HP: 24/28 MP: 4/4
  1673 | D:2      | Noticed Natasha
  1684 | D:2      | Killed Natasha
  1709 | D:2      | Reached XP level 5. HP: 5/33 MP: 5/5
  2742 | D:3      | Noticed Ijyb
  2791 | D:3      | Killed Ijyb
  3109 | D:3      | Reached XP level 6. HP: 37/38 MP: 6/6
  3159 | D:3      | Reached skill level 1 in Dodging
  3400 | D:3      | Noticed a water moccasin
  3419 | D:3      | HP: 1/38 [water moccasin (8)]
  3426 | D:3      | Killed a water moccasin
  3763 | D:4      | Noticed Duvessa
  3763 | D:4      | Noticed Dowan
  3773 | D:5      | Entered Level 5 of the Dungeon
  3891 | D:5      | Identified the +3 ring mail of the Playwright {Harm MP+9
                  | Int+3}
  4114 | D:5      | Reached XP level 7. HP: 35/43 MP: 7/7
  4121 | D:5      | Found a large runed translucent door.
  4127 | D:5      | Found a large runed translucent door.
  4183 | D:5      | Found a snail-covered altar of Cheibriados.
  4200 | D:5      | Found a blossoming altar of Fedhas.
  4216 | D:5      | Reached skill level 5 in Axes
  4216 | D:5      | Reached skill level 5 in Armour
  4481 | D:5      | Reached skill level 1 in Stealth
  4779 | D:5      | HP: 1/44 [adder (2)]
  4781 | D:5      | Gained mutation: You have a pair of small horns on your
                  | head. [potion of mutation]
  4781 | D:5      | Gained mutation: You are frail. (-10% HP) [potion of
                  | mutation]
  4781 | D:5      | Gained mutation: Your spells are a little easier to cast,
                  | but a little less powerful. [potion of mutation]
  4783 | D:5      | Slain by an orc warrior

Illustrated notes

Levels and vault maps discovered:
D:1:      nzn_arrival_settlement, layout_rooms, serial_shops, shop
D:2:      layout_loops_ring, basic_altar, nicolae_ecumenical_lake_church,
          uniq_natasha
D:3:      layout_basic, interstate_on_off, serial_bayou_pond_d,
          kennysheep_small_spiral, uniq_ijyb
D:4:      layout_gridville, general_overflow_altar, uniq_duvessa, uniq_grinder,
          uniq_robin
D:5:      layout_basic, jmf_multi_god_temple2, st_stairs_1,
          mrwooster_statue_mirror, kennysheep_potato

Skill      XL: |  1  2  3  4  5  6  7 |
---------------+----------------------+-----
Axes           | 2 3 4 5 |  5.2
Shields        | 4 |  4.9
Armour         | 4 5 |  5.1
Dodging        | 1 |  1.4
Fighting       | 4 |  4.4
Stealth        | 1 |  1.0

Action                   |  1- 3 |  4- 6 |  7- 9 || total
-------------------------+-------+-------+-------++-------
Melee: War axe           |   104 |   149 |    45 ||   298
  Use: Scroll            |     7 |     2 |       ||     9
       Potion            |       |     4 |     3 ||     7
Armor: Scale mail        |    72 |    70 |    33 ||   175
Dodge: Dodged            |    59 |    58 |    19 ||   136
Block: Buckler           |    56 |    65 |    31 ||   152
